 Dungeon Crawl Stone Soup version 0.21-a0-404-g291f19a (webtiles) character file.

8598 tof the Protected (level 11, -1/67 HPs)
             Began as a Gargoyle Gladiator on Oct 28, 2017.
             Was a Follower of Wu Jian.
             Slain by a large abomination (5 damage)
             ... on level 1 of the Abyss.
             The game lasted 00:23:14 (10803 turns).

tof the Protected (Gargoyle Gladiator)             Turns: 10803, Time: 00:23:15

Health: -1/67      AC: 20    Str: 17    XL:     11   Next: 33%
Magic:  11/11      EV: 14    Int: 10    God:    Wu Jian [*.....]
Gold:   708        SH:  0    Dex: 16    Spells: 10/10 levels left

rFire    . . .     SeeInvis .   g - +2 whip (drain)
rCold    + . .     Gourm    +   (no shield)
rNeg     + . .     Faith    .   S - +2 ring mail {rC+}
rPois    ∞         Spirit   .   y - +2 hat
rElec    +         Reflect  .   (no cloak)
rCorr    .         Harm     .   o - +0 pair of gloves
MR       .....                  (no boots)
Stlth    +.........             I - amulet of the gourmand
HPRegen  0.21/turn              c - +2 ring of dexterity
MPRegen  0.12/turn              (no ring)

@: about to teleport, berserk cooldown
A: negative energy resistance 1, electricity resistance, unbreathing,
petrification resistance, rot immunity, AC +8
a: Renounce Religion


You were on level 1 of the Abyss.
You worshipped Wu Jian.
Wu Jian was aware of your devotion.
You were very full.

You visited 2 branches of the dungeon, and saw 11 of its levels.
You visited the Abyss 1 time.

You collected 708 gold pieces.

Inventory:

Hand Weapons
 a - a +0 quarterstaff
 g - a +2 whip of draining (weapon)
Missiles
 d - 3 throwing nets
 e - 24 poisoned needles
 r - 7 tomahawks (quivered)
Armour
 o - a +0 pair of gloves (worn)
 y - a +2 hat (worn)
 H - a +2 ring mail of fire resistance
 N - a +0 pair of boots
 S - a +2 ring mail of cold resistance (worn)
Jewellery
 c - a +2 ring of dexterity (left hand)
 I - an amulet of the gourmand (around neck)
 P - an uncursed ring of wizardry {unknown}
Wands
 B - a wand of lightning (8/15)
 M - a wand of digging (7/24)
 O - a wand of paralysis (6/24)
 Q - a wand of lightning (10/15)
 R - a wand of confusion (16/48)
 T - a wand of confusion (19/48)
Scrolls
 h - 2 scrolls of random uselessness {unknown}
 j - 2 scrolls of immolation {unknown}
 n - 7 scrolls of teleportation
 q - 9 scrolls of remove curse
 t - 7 scrolls of identify
 u - 2 scrolls of enchant armour {unknown}
 v - 4 scrolls of enchant weapon
 x - a scroll of blinking {unknown}
 D - 4 scrolls of recharging {unknown}
 E - a scroll of fog {unknown}
 J - 4 scrolls of amnesia {unknown}
 K - 4 scrolls of noise {unknown}
Potions
 i - 4 potions of curing {unknown}
 k - a potion of degeneration {unknown}
 l - 2 potions of resistance {unknown}
 m - a potion of heal wounds
 s - a potion of brilliance {unknown}
 w - a potion of might {unknown}
 z - a potion of lignification {unknown}
 A - a potion of haste
 C - a potion of berserk rage
 F - a potion of cancellation {unknown}
Books
 G - a book of Alchemy

   Spells                             Type                      Level
   a - Sublimation of Blood           Necromancy                   2
   b - Ignite Poison                  Fire/Transmutation/Poison    3
   c - Petrify                        Transmutation/Earth          4
   d - Alistair's Intoxication        Transmutation/Poison         5
   e - Irradiate                      Conjuration/Transmutation    5
Comestibles
 b - 7 royal jellies
 f - 7 bread rations
 p - 6 meat rations
 L - 8 fruits


   Skills:
 + Level 7.5 Fighting
 * Level 9.8 Staves
 + Level 6.2 Throwing
 * Level 10.1 Armour
 + Level 5.9 Dodging


You had 10 spell levels left.
You didn't know any spells.

Dungeon Overview and Level Annotations

Branches:
Dungeon (10/15)            Temple (1/1) D:7
   Lair: D:8-11         Orc: D:9-12

Altars:
Ashenzari
Dithmenos
Fedhas
Hepliaklqana
Kikubaaqudgha
Makhleb
Nemelex Xobeh
Okawaru
Ru
Sif Muna
Trog
Uskayaw
Vehumet
Wu Jian
Zin
The Shining One

Shops:
D:8 *

Annotations:
D:10 Psyche


Innate Abilities, Weirdness & Mutations

You are resistant to torment.
Your stone body is resilient. (AC +8)
You are immune to poison.
You resist negative energy. (rN+)
You are resistant to electric shocks. (rElec)
You can survive without breathing.
You are immune to petrification.
You are immune to rotting.


Message History

The large abomination hits you but does no damage.
You feel yourself speed up. The large abomination hits you!!
You feel yourself slow down.
As you read the scroll of teleportation, it crumbles to dust.
You feel strangely unstable.
You feel the power of the Abyss delaying your translocation!
You hit the large abomination but do no damage.
The large abomination hits you!
* * * LOW HITPOINT WARNING * * *
You hit the large abomination but do no damage.
The large abomination hits you.
* * * LOW HITPOINT WARNING * * *
You hit the large abomination.
The large abomination is lightly damaged.
The large abomination closely misses you.
You barely miss the large abomination.
The large abomination is lightly damaged.
The large abomination hits you.
You die...

#.##### ##..XX@#
#.#.#### #.###.#.#
#.##. #.# .##.
...#.## #..## #.# .
# #... # ..
####.#..
#...#.#............
#....#.X.. ....#..#
.


You could see 2 large abominations.

Vanquished Creatures
  Erolcha (D:9)
  Harold (D:10)
  A two-headed ogre (D:8)
  A quicksilver dragon skeleton (Abyss:1)
  2 hippogriffs
  A ynoxinul (Abyss:1)
  A human (D:6)
  5 yaks
  3 hogs (D:6)
  A water moccasin (D:5)
  An orc warrior (D:9)
  8 ogres
  2 ice beasts
  A phantom (D:7)
  3 black bears
  4 centaurs
  A crocodile (D:9)
  A big kobold (D:7)
  2 bullfrogs (D:7)
  A wyvern zombie (D:9)
  A water moccasin skeleton (D:6)
  9 killer bees (D:8)
  2 howler monkeys
  A centaur zombie (D:9)
  A crimson imp (D:6)
  2 bullfrog zombies (D:7)
  3 hounds
  A jelly (D:9)
  3 bullfrog skeletons
  10 orc priests
  3 iguanas
  13 orc wizards
  8 worker ants
  A hound skeleton (D:4)
  10 adders
  A shadow imp (D:9)
  3 oozes
  An adder zombie (D:8)
  2 adder skeletons
  4 worms
  A dart slug (D:1)
  3 leopard geckos
  54 orcs
  3 giant cockroaches
  7 goblins
  8 hobgoblins
  15 kobolds
  3 quokkas
  A ball python (D:6)
  7 bats
  A frilled lizard (D:4)
  A jackal zombie (D:5)
  5 rats
229 creatures vanquished.

Notes
Turn   | Place    | Note
-------+----------+-------------------------------------------
     0 | D:1      | tof the Gargoyle Gladiator began the quest for the Orb.
     0 | D:1      | Reached XP level 1. HP: 12/12 MP: 1/1
   106 | D:1      | Reached XP level 2. HP: 16/17 MP: 2/2
   163 | D:1      | Reached skill level 1 in Armour
   509 | D:1      | Reached XP level 3. HP: 22/22 MP: 3/3
  1010 | D:2      | Reached skill level 2 in Armour
  1010 | D:2      | Reached XP level 4. HP: 26/27 MP: 4/4
  1036 | D:2      | Found a sacrificial altar of Ru.
  1287 | D:2      | Reached XP level 5. HP: 32/32 MP: 5/5
  2229 | D:3      | Reached skill level 3 in Armour
  2461 | D:4      | Reached XP level 6. HP: 29/37 MP: 6/6
  2980 | D:4      | Found a deep blue altar of Sif Muna.
  3089 | D:4      | Found a glowing golden altar of the Shining One.
  3144 | D:4      | Reached XP level 7. HP: 6/41 MP: 7/7
  3148 | D:4      | Reached skill level 4 in Armour
  3655 | D:4      | Reached skill level 5 in Staves
  3903 | D:4      | Found a shadowy altar of Dithmenos.
  4096 | D:4      | Reached XP level 8. HP: 16/48 MP: 8/8
  4314 | D:4      | Found a sacrificial altar of Ru.
  4466 | D:5      | Entered Level 5 of the Dungeon
  4473 | D:5      | Reached skill level 5 in Armour
  5364 | D:5      | Found a hazy altar of Hepliaklqana.
  5590 | D:6      | Reached skill level 6 in Armour
  5612 | D:6      | Noticed a hand axe
  5612 | D:6      | Noticed a hand axe
  5612 | D:6      | Found a hide-covered altar of Uskayaw.
  5958 | D:6      | Reached skill level 5 in Fighting
  6160 | D:6      | Reached XP level 9. HP: 54/54 MP: 9/9
  6570 | D:7      | Reached skill level 7 in Armour
  6820 | D:7      | Found a staircase to the Ecumenical Temple.
  6853 | Temple   | Entered the Ecumenical Temple
  6860 | Temple   | Became a worshipper of the Wu Jian Council
  7199 | D:7      | Found a bloodstained altar of Trog.
  7378 | D:7      | Found a shattered altar of Ashenzari.
  7522 | D:6      | Reached skill level 5 in Throwing
  7522 | D:6      | Reached XP level 10. HP: 44/60 MP: 10/10
  7526 | D:6      | Reached skill level 8 in Armour
  7531 | D:6      | Reached skill level 5 in Dodging
  7814 | D:8      | Noticed a two-headed ogre
  8373 | D:8      | Found Bis Ygum's General Store.
  8407 | D:8      | Found a blossoming altar of Fedhas.
  8531 | D:9      | Noticed Erolcha
  8561 | D:9      | Killed Erolcha
  8749 | D:9      | Reached skill level 9 in Armour
  8755 | D:9      | Reached * piety under Wu Jian
  9822 | D:8      | Found a glowing silver altar of Zin.
 10049 | D:8      | Killed a two-headed ogre
 10049 | D:8      | Reached XP level 11. HP: 41/67 MP: 11/11
 10201 | D:10     | Entered Level 10 of the Dungeon
 10361 | D:10     | Noticed Harold
 10422 | D:10     | Killed Harold
 10422 | D:10     | Reached skill level 10 in Armour
 10620 | D:10     | Noticed Psyche
 10626 | D:10     | Cast into level 1 of the Abyss (Psyche)
 10765 | Abyss:1  | Found a corrupted altar of Lugonu.
 10779 | Abyss:1  | Noticed a large abomination
 10781 | Abyss:1  | Noticed a large abomination
 10803 | Abyss:1  | Slain by a large abomination

Vault maps used:
D:1:      zaba_arrival_water, serial_aquarium, aquarium_bridge_straight,
          aquarium_bridge_square, aquarium_window_fake, aquarium_window_1,
          aquarium_window_fake, aquarium_window_1, aquarium_view_2b,
          aquarium_pool_2, st_stairs_3, dk_noncrumbling_2
D:2:      nicolae_ru_great_annihilating_truth
D:4:      lemuel_doored_altar, lemuel_coloured_pillars_altar,
          kennysheep_mini_moat, first_bread, led_sif_pool
D:5:      old_standard_altar, small_statue_intersection, grunt_ministairs_10
D:6:      dancing_weapons_uskayaw
D:7:      kennysheep_little_box, trog_ov_bears_minmay,
          minmay_temple_entry_glassed_door, grunt_livestock
D:8:      lemuel_round_altar, fedhas_altar_2, serial_shops, nicolae_shop_crystal
D:9:      uniq_erolcha
D:10:     minmay_lair_entry_lava, uniq_psyche, uniq_harold
Temple:   cyrus_circular_temple

Skill      XL: |  1  2  3  4  5  6  7  8  9 10 11 |
---------------+----------------------------------+-----
Armour         | 1 2 3 4 6 7 9 10 | 10.1
Throwing       | 2 3 4 5 6 |  6.2
Fighting       | 3 4 5 6 7 |  7.5
Staves         | 4 5 6 8 9 |  9.8
Dodging        | 3 4 5 |  5.9

Action                   |  1- 3 |  4- 6 |  7- 9 | 10-12 || total
-------------------------+-------+-------+-------+-------++-------
Melee: Quarterstaff      |    37 |       |       |       ||    37
       Whip              |    62 |   249 |   643 |   489 ||  1443
Throw: Tomahawk          |       |       |    16 |       ||    16
       Throwing net      |       |       |       |     1 ||     1
  Use: Scroll            |       |       |     2 |     4 ||     6
       Potion            |       |       |       |     4 ||     4
 Stab: Sleeping          |       |     3 |       |       ||     3
       Distracted        |       |     1 |       |       ||     1
  Eat: Chunk             |       |     7 |    26 |    10 ||    43
Armor: Leather armour    |    45 |    33 |       |       ||    78
       Ring mail         |       |    67 |   322 |   248 ||   637
Dodge: Dodged            |    68 |   160 |   381 |   363 ||   972

Table legend:
 A = Spawn XP
 B = Non-spawn XP
 C = Spawn XP percentage of total XP
 D = Spawn monster count
 E = Non-spawn monster count
 F = Spawn count percentage of total count
 G = Total turns spent on level
                    A         B        C        D         E        F      G
               +---------+---------+-------+---------+---------+-------+---------
         Total |       0 |   12284 |   0.0 |       0 |     229 |   0.0 | 10803
               +---------+---------+-------+---------+---------+-------+---------
           D:1 |       0 |      36 |   0.0 |       0 |      19 |   0.0 |   813
           D:2 |       0 |     157 |   0.0 |       0 |      29 |   0.0 |   886
           D:3 |       0 |     133 |   0.0 |       0 |      19 |   0.0 |   943
           D:4 |       0 |     881 |   0.0 |       0 |      32 |   0.0 |  2014
           D:5 |       0 |     741 |   0.0 |       0 |      22 |   0.0 |  1080
           D:6 |       0 |    1859 |   0.0 |       0 |      34 |   0.0 |  1405
           D:7 |       0 |    1662 |   0.0 |       0 |      33 |   0.0 |  1162
           D:8 |       0 |    1613 |   0.0 |       0 |      12 |   0.0 |  1153
           D:9 |       0 |    2734 |   0.0 |       0 |      18 |   0.0 |   730
          D:10 |       0 |    1318 |   0.0 |       0 |       9 |   0.0 |   425
       Abyss:1 |       0 |    1150 |   0.0 |       0 |       2 |   0.0 |   177
               +---------+---------+-------+---------+---------+-------+---------
